 Dungeon Crawl Stone Soup version 0.26.1-11-gd32895ea62 (webtiles) character file.

Game seed: 241235405913654892

492 twelph the Chopper (level 6, -2/57 HPs)
             Began as a Minotaur Berserker on May 23, 2021.
             Was a Priest of Trog.
             Slain by an orc wizard
             ... wielding a +2 dagger of venom
              (3 damage)
             ... on level 3 of the Dungeon.
             The game lasted 01:15:01 (3068 turns).

twelph the Chopper (Minotaur Berserker)             Turns: 3068, Time: 01:15:01

Health: -2/57      AC:  9    Str: 24    XL:     6   Next: 91%
Magic:  5/5        EV: 11    Int:  4    God:    Trog [***...]
Gold:   221        SH:  0    Dex:  9    Spells: 5/5 levels left

rFire    . . .     SeeInvis .   b - +1 war axe
rCold    . . .     Faith    .   (no shield)
rNeg     . . .     Spirit   .   E - +2 scale mail
rPois    .         Reflect  .   (helmet restricted)
rElec    .         Harm     .   (no cloak)
rCorr    .         Rampage  .   (no gloves)
Will     .....                  (no boots)
Stlth    ..........             (no amulet)
HPRegen  0.19/turn              (no ring)
MPRegen  0.09/turn              (no ring)

@: lethally poisoned (-2 -> -40)
A: retaliatory headbutt, horns 2
a: Renounce Religion, Berserk, Trog's Hand


You were on level 3 of the Dungeon.
You worshipped Trog.
Trog was most pleased with you.
You visited 1 branch of the dungeon, and saw 4 of its levels.

You collected 221 gold pieces.

Inventory:

Hand Weapons
 a - a +1 hand axe
 b - a +1 war axe (weapon)
 e - a +0 war axe
 i - a +0 hunting sling
Missiles
 c - 2 boomerangs
 h - 94 stones
 H - 35 poisoned darts
Armour
 E - a +2 scale mail (worn)
 J - a +0 ring mail
Scrolls
 d - a scroll of amnesia
 s - 2 scrolls of identify
 F - a scroll of remove curse


   Skills:
 + Level 5.7 Fighting
 + Level 6.6 Axes
 + Level 1.0 Slings
 + Level 3.8 Armour
 + Level 3.6 Dodging
 + Level 1.1 Stealth


You had 5 spell levels left.
You didn't know any spells.
Your spell library was empty.

Dungeon Overview and Level Annotations

Branches:
Dungeon (4/15)
 Temple: D:4-7

Altars:
Kikubaaqudgha


Innate Abilities, Weirdness & Mutations

You reflexively headbutt those who attack you in melee.
You have a pair of horns on your head.


Message History

You are too confused!
You completely miss something.
You feel less confused.
* * * LOW HITPOINT WARNING * * *
You feel sick. Something hits you.
* * * LOW HITPOINT WARNING * * *
You are more poisoned.
None of your equipped items are cursed.
You have no spells to forget!
You barely miss something.
* * * LOW HITPOINT WARNING * * *
You feel very sick. Something hits you but does no damage.
You are more poisoned.
Something hits you but does no damage.
You are more poisoned.
* * * LOW HITPOINT WARNING * * *
You feel very sick. Something hits you.
You die...

# ## ###### .##
#....# ..########
#..@.# #........###
#..>.#
####.......###....#
.........#........#
.........####.....#
....#.#####.......#
##########..##....#
...#.....#####....#
#..#..#..# #....#


There were no monsters in sight!

Vanquished Creatures
  A scorpion (D:2)
  2 vampire bats (D:2)
  2 orc priests (D:4)
  3 orc wizards
  2 worker ants
  3 gnolls (D:2)
  5 adders
  An ooze (D:1)
  3 dart slugs
  2 leopard geckos (D:2)
  12 orcs
  4 bats
  3 bat skeletons (D:2)
  2 bat zombies (D:2)
  2 giant cockroaches
  10 goblins
  7 hobgoblins
  4 kobolds
  3 quokkas
  A ball python (D:2)
  10 frilled lizards
  5 rats
87 creatures vanquished.

Vanquished Creatures (others)
  12 plants (D:2)
12 creatures vanquished.

Grand Total: 99 creatures vanquished

Notes
Turn   | Place    | Note
-------+----------+-------------------------------------------
     0 | D:1      | twelph the Minotaur Berserker began the quest for the Orb.
     0 | D:1      | Reached XP level 1. HP: 19/19 MP: 0/0
   348 | D:1      | Reached XP level 2. HP: 25/27 MP: 1/1
   469 | D:1      | Reached skill level 4 in Axes
   722 | D:2      | Reached XP level 3. HP: 23/34 MP: 2/2
  1067 | D:2      | Reached XP level 4. HP: 39/41 MP: 3/3
  1118 | D:2      | Reached ** piety under Trog
  1172 | D:2      | Reached skill level 5 in Axes
  1380 | D:2      | Reached XP level 5. HP: 47/47 MP: 4/4
  1620 | D:2      | Found an ancient bone altar of Kikubaaqudgha.
  1625 | D:2      | Reached skill level 5 in Fighting
  1626 | D:2      | Reached skill level 1 in Stealth
  2120 | D:2      | Reached XP level 6. HP: 47/56 MP: 5/5
  2158 | D:2      | Reached skill level 6 in Axes
  2182 | D:3      | Reached *** piety under Trog
  2319 | D:3      | Reached skill level 1 in Slings
  3068 | D:3      | HP: 1/57 [poisoned by an orc wizard]
  3068 | D:3      | Slain by an orc wizard

Illustrated notes

Levels and vault maps discovered:
D:1:      dpeg_arrival_round_c, layout_rooms, hangedman_decor_diamond_cutter
D:2:      layout_loops_ring, kennysheep_vampire_church, minmay_lizard_king
D:3:      minmay_angry_zag, layout_rooms
D:4:      layout_loops_cross, minmay_mini_ossuary

Skill      XL: |  1  2  3  4  5  6 |
---------------+-------------------+-----
Fighting       | 4 5 |  5.7
Axes           | 4 5 6 |  6.6
Armour         | 3 |  3.8
Dodging        | 3 |  3.6
Stealth        | 1 |  1.1
Slings         | 1 |  1.0

Action                   |  1- 3 |  4- 6 || total
-------------------------+-------+-------++-------
Melee: Hand axe          |    42 |   102 ||   144
       Headbutt          |     5 |    16 ||    21
       War axe           |       |    43 ||    43
 Fire: Hunting sling     |       |     8 ||     8
Throw: Stone             |     4 |       ||     4
Invok: Berserk           |     1 |     1 ||     2
  Use: Scroll            |     7 |     4 ||    11
       Potion            |     3 |     6 ||     9
Armor: Animal skin       |     4 |       ||     4
       Ring mail         |       |    34 ||    34
       Scale mail        |       |    28 ||    28
Dodge: Dodged            |    24 |    95 ||   119
